cohdb
Replays
Latest Replays
All Replays
Popular Replays
Top Player Replays
Match Explorer
How It Works
Community
CoH3 Stats
Reddit
Sign in to upload your games and track your stats! →
Sign in with Steam
Match 46229947
Unlisted
Match 46229947
Overview
Messages
Build Orders
End
Construct Weapon Support Center
Selects Armored Battlegroup
Selects Armored Battlegroup
Sniper
Sniper
Construct Barracks
Riflemen Squad
Grenade Package
Selects Veteran Crews
Selects M31 Recovery Vehicle
Mechanized Support Center
M3 Armored Personnel Carrier
M3 Armored Personnel Carrier
M3 Armored Personnel Carrier
Engineer Squad
M3 Armored Personnel Carrier
Selects War Machine
Jenasaie
Alekel
portalplayer
LITTLE TRICKSTER
GAF_Thom_Yorke
Da Cracka Whacka
0
0
Comments
sign in to comment!
No comments posted yet!